cohdb
Replays
Latest Replays
All Replays
Popular Replays
Top Player Replays
Match Explorer
How It Works
Community
CoH3 Stats
Reddit
Sign in to upload your games and track your stats! →
Sign in with Steam
Match 42768563
Unlisted
Match 42768563
Overview
Messages
Build Orders
End
Pioneer Squad
Pioneer Squad
Construct Infanterie Kompanie
Grenadier Squad
MG 42 Machine Gun Team
MG 42 Bunker
Grenadier Squad
Construct Luftwaffe Kompanie
GrW 34 Mortar Team
Jäger Squad
Jäger Squad
Medical Bunker
221 Scout Car
Pioneer Squad
Pioneer Squad
Flak 30 Anti-aircraft Gun Team
Selects Mechanized Battlegroup
Selects Raid Package
Selects StuG Assault Group
Selects Mobile Repair Stations
Luftwaffe Officer Quarters
Construct Panzer Kompanie
Panzer IV Medium Tank
Stoßtruppen Squad
Stoßtruppen Squad
Selects Panther Heavy Tank
Panzer IV Medium Tank
Sturmpanzer IV Brummbär
Side Skirts
Selects Wespe Self-propelled Artillery
Selects Mechanized Assault
Pioneer Squad
Jäger Squad
Mechanized Assault
Liberator4515
Bootyquake
0
0
Comments
sign in to comment!
No comments posted yet!